 Dungeon Crawl Stone Soup version 0.28-a0-941-g140ffa10cf (webtiles) character file.

Game seed: 6337143248796158144

8913 night the Placeless Spriggan (level 11, -6/62 HPs)
             Began as a Spriggan Venom Mage on Nov 29, 2021.
             Was a Priest of Nemelex Xobeh.
             Mangled by a vampire mosquito (10 damage)
             ... on level 10 of the Dungeon.
             The game lasted 00:39:51 (17206 turns).

night the Placeless Spriggan (Spriggan Venom Mage) Turns: 17206, Time: 00:39:51

Health: -6/62      AC:  3    Str:  4    XL:     11   Next: 16%
Magic:  15/24      EV: 17    Int: 26    God:    Nemelex Xobeh [***...]
Gold:   543        SH:  0    Dex: 16    Spells: 6/27 levels left

rFire   . . .      SeeInvis +   K - +0 quarterstaff (spect)
rCold   . . .      Faith    .   (shield currently unavailable)
rNeg    . . .      Spirit   .   a - +1 robe
rPois   .          Reflect  .   (helmet restricted)
rElec   .          Harm     .   (no cloak)
rCorr   .          Rampage  .   (gloves unavailable)
Will    +....                   (boots unavailable)
Stlth   ++........              (no amulet)
HPRegen 0.20/turn               z - +6 ring of intelligence
MPRegen 0.19/turn               (no ring)

@: very quick
A: very small, no large weapons, unfitting armour, see invisible, speed 3
a: Renounce Religion, Draw Escape, Draw Destruction, Draw Summoning, Triple Draw


You were on level 10 of the Dungeon.
You worshipped Nemelex Xobeh.
Nemelex Xobeh was most pleased with you.
You visited 2 branches of the dungeon, and saw 11 of its levels.
You also visited: Ossuary.

You collected 543 gold pieces.

Inventory:

Hand Weapons
 g - a +0 spear
 n - a +3 dagger of venom
 w - a +0 rapier
 K - a +0 spectral quarterstaff (weapon)
 O - a +4 hand axe of freezing
Missiles
 c - 274 stones
 f - 149 sling bullets
 j - 214 arrows
 l - 3 boomerangs
 s - 75 poisoned darts
 y - a throwing net
 B - a curare-tipped dart
 C - 83 bolts
Armour
 a - a +1 robe (worn)
Magical Staves
 i - a staff of fire
Jewellery
 z - a +6 ring of intelligence (left hand)
 D - a +4 ring of evasion
Wands
 k - a wand of flame (15)
 p - a wand of acid (8)
Scrolls
 d - 5 scrolls of teleportation
 o - 4 scrolls of magic mapping
 q - 5 scrolls of enchant armour
 u - 2 scrolls of enchant weapon
 E - 3 scrolls of silence
 L - a scroll of fear
 M - 4 scrolls of identify
 N - a scroll of torment {unknown}
 P - a scroll of blinking
Potions
 b - 2 potions of attraction
 e - 8 potions of heal wounds
 h - 3 potions of curing
 m - a potion of might {unknown}
 r - 2 potions of invisibility {unknown}
 t - 4 potions of resistance
 v - 2 potions of degeneration
 x - a potion of ambrosia {unknown}
 A - 3 potions of cancellation {unknown}
 F - a potion of haste {unknown}
 G - 2 potions of magic {unknown}
 H - 2 potions of mutation {unknown}
 I - a potion of lignification {unknown}
 J - a potion of brilliance {unknown}


   Skills:
 + Level 9.1 Fighting
 - Level 2.6 Dodging
 - Level 3.0 Stealth
 - Level 8.9 Spellcasting
 - Level 2.3 Conjurations
 + Level 10.5 Translocations
 - Level 1.3 Transmutations
 - Level 2.8 Fire Magic
 - Level 7.7 Poison Magic
 - Level 2.6 Invocations


You had 6 spell levels left.
You knew the following spells:

 Your Spells              Type           Power      Damage    Failure   Level
a - Sting                 Tmut/Pois      100%       1d8       1%          1
b - Poisonous Vapours     Pois/Air       62%        N/A       1%          2
c - Scorch                Fire           52%        2d7       2%          2
d - Olgreb's Toxic Radia  Pois           51%        N/A       2%          4
e - Mephitic Cloud        Conj/Pois/Air  28%        N/A       4%          3
f - Flame Wave            Conj/Fire      25%        2d6       19%         4
g - Manifold Assault      Tloc           60%        N/A       1%          5

Your spell library contained the following spells:

 Spells                   Type           Power      Damage    Failure   Level
 Blink                    Tloc           100%       N/A       1%          2
 Lesser Beckoning         Tloc           60%        N/A       1%          3
 Shock                    Conj/Air       68%        1d7       3%          1
 Slow                     Hex            44%        N/A       5%          1
 Corpse Rot               Necr/Air       22%        N/A       8%          2
 Confusing Touch          Hex            11%        N/A       16%         3
 Swiftness                Air            11%        N/A       16%         3
 Vampiric Draining        Necr           11%        2d6       16%         3
 Airstrike                Air            5%         N/A       45%         4
 Dispel Undead            Necr           11%        3d9       45%         4
 Death Channel            Necr           5%         N/A       100%        6
 Summon Cactus Giant      Summ           5%         N/A       100%        6


Dungeon Overview and Level Annotations

Branches:
Dungeon (10/15)            Temple (1/1) D:6         Ossuary (visited)
   Lair: D:8-11         Orc: D:9-12

Altars:
Ashenzari
Cheibriados
Dithmenos
Elyvilon
Fedhas
Gozag
Hepliaklqana
Kikubaaqudgha
Makhleb
Nemelex Xobeh
Okawaru
Qazlal
Ru
Sif Muna
Trog
Uskayaw
Vehumet
Wu Jian
Xom
Yredelemnul
Zin
The Shining One

Shops:
D:8 *?[

Annotations:
D:4 1 runed translucent door, mcbry74's ghost, amateur HOFi
D:8 exclusion: ice statue


Innate Abilities, Weirdness & Mutations

You are very small and have problems with some larger weapons.
You are too small for most types of armour.
You have supernaturally acute eyesight. (SInv)
You cover ground extremely quickly. (Speed+++)


Message History

The vampire mosquito barely misses you.
You closely miss the vampire mosquito.
The vampire mosquito is moderately damaged.
Your +0 spectral quarterstaff hits the vampire mosquito!
The vampire mosquito closely misses your +0 spectral quarterstaff.
The vampire mosquito bites you!
The vampire mosquito draws strength from your injuries!
The vampire mosquito bites your +0 spectral quarterstaff.
Your spectral weapon shares its damage with you!
The vampire mosquito misses you.
The vampire mosquito bites your +0 spectral quarterstaff.
Your spectral weapon shares its damage with you!
You hit the vampire mosquito.
The vampire mosquito is heavily damaged.
Your +0 spectral quarterstaff hits the vampire mosquito!
The vampire mosquito barely misses you. The vampire mosquito bites you!
The vampire mosquito draws strength from your injuries!
The vampire mosquito misses you. The vampire mosquito bites you!
The vampire mosquito draws strength from your injuries!
The vampire mosquito closely misses you.
You are too injured to fight recklessly!
You barely miss the vampire mosquito. The vampire mosquito bites you!
The vampire mosquito draws strength from your injuries!
The vampire mosquito barely misses you. The vampire mosquito misses you.
The vampire mosquito bites you.
* * * LOW HITPOINT WARNING * * *
The vampire mosquito draws strength from your injuries!
The vampire mosquito misses you. The vampire mosquito bites you.
* * * LOW HITPOINT WARNING * * *
The vampire mosquito draws strength from your injuries!
The vampire mosquito closely misses you. x2
You hit the vampire mosquito.
The vampire mosquito is moderately damaged.
Your +0 spectral quarterstaff misses the vampire mosquito.
The vampire mosquito bites you!
* * * LOW HITPOINT WARNING * * *
The vampire mosquito draws strength from your injuries!
The vampire mosquito bites you!
You die...
Your body glows with a rainbow of weird colours and disappears.

...##........#....+..........#
...##........#....#......#...#
....#........#...##......#####
....#..##....##..#######.#
...##..##....##..........#
##+##...#....#...........#
........+....##..#########
.......########.y##....^#
.......##....##(@y.......
........#....#..y#.......
........#....'...#.......
#'###..###...###.##.##..#
#..##..###...##### ## ##
...............#
...............#
...............#
...............#


You could see 3 vampire mosquitoes and a friendly +0 spectral quarterstaff
(summoned).

Vanquished Creatures
  A boulder beetle (D:10)
  Pikel (D:4)
  6 ice devils (D:8)
  A hornet (D:8)
  A shadow (D:9)
  3 yaks (D:10)
  2 wyverns
  Grum (D:8)
  A steam dragon (D:9)
  3 humans (D:7)
  Menkaure (D:5)
  Edmund (D:4)
  An acid dragon (D:9)
  A water moccasin (D:8)
  3 sky beasts
  A hornet zombie (D:9)
  3 orc warriors
  An ice beast (D:8)
  3 wolves (D:8)
  3 necrophages
  4 centaurs
  A lemure (D:4)
  A phantom (D:5)
  2 kobold brigands
  2 bullfrogs (D:8)
  A gnoll sergeant (D:5)
  A wyvern zombie (D:5)
  3 scorpions
  A water moccasin skeleton (D:5)
  3 killer bees (D:10)
  7 wights
  2 centaur zombies
  A bullfrog zombie (D:7)
  6 hounds
  A jelly (D:6)
  A bullfrog skeleton (D:7)
  3 orc priests
  3 iguanas
  9 orc wizards
  2 mummies (Ossuary)
  A hound skeleton (D:2)
  Robin (D:2)
  12 gnolls
  A howler monkey skeleton (D:5)
  A howler monkey zombie (D:8)
  14 adders
  2 shadow imps
  8 ufetubi
  3 adder skeletons
  9 adder zombies (Ossuary)
  2 worms (D:2)
  3 dart slugs
  29 orcs
  7 endoplasms
  4 giant cockroaches
  16 goblins
  4 hobgoblins
  3 jackals (D:4)
  13 kobolds
  2 quokkas (D:1)
  6 ball pythons
  7 bats
  5 gnoll zombies (Ossuary)
  6 hobgoblin zombies (Ossuary)
  6 kobold zombies (Ossuary)
  7 orc zombies (Ossuary)
  8 rats
272 creatures vanquished.

Vanquished Creatures (others)
  2 fungi (D:7)
  2 plants (D:7)
  2 withered plants (D:4)
6 creatures vanquished.

Grand Total: 278 creatures vanquished

Notes
Turn   | Place    | Note
-------+----------+-------------------------------------------
     0 | D:1      | night the Spriggan Venom Mage began the quest for the Orb.
     0 | D:1      | Reached XP level 1. HP: 9/9 MP: 5/5
   455 | D:1      | Reached XP level 2. HP: 14/14 MP: 2/7
   458 | D:1      | Learned a level 2 spell: Poisonous Vapours
  1040 | D:1      | Reached skill level 1 in Fighting
  1230 | D:2      | Reached XP level 3. HP: 18/18 MP: 1/8
  1490 | D:2      | Learned a level 2 spell: Scorch
  1891 | D:2      | Reached XP level 4. HP: 12/22 MP: 6/10
  1896 | D:2      | Learned a level 4 spell: Olgreb's Toxic Radiance
  2292 | D:2      | Reached skill level 1 in Fire Magic
  2430 | D:2      | Noticed Robin
  2449 | D:2      | Killed Robin
  2663 | D:2      | Reached XP level 5. HP: 26/26 MP: 10/12
  2781 | D:2      | Reached skill level 2 in Fighting
  3433 | D:3      | Found a faded altar of an unknown god.
  4535 | D:3      | Reached XP level 6. HP: 24/32 MP: 10/14
  5343 | D:4      | Noticed Pikel
  5365 | D:4      | Noticed Edmund
  5382 | D:4      | Reached skill level 5 in Spellcasting
  5387 | D:4      | Killed Pikel
  5388 | D:4      | Reached skill level 5 in Poison Magic
  5388 | D:4      | Reached XP level 7. HP: 18/37 MP: 2/17
  5831 | D:4      | Killed Edmund
  6356 | D:4      | Found a runed translucent door.
  6357 | D:4      | Noticed mcbry74's ghost (amateur HOFi)
  6372 | D:4      | Noticed a wyvern
  6401 | D:4      | Killed a wyvern
  6402 | D:4      | Reached XP level 8. HP: 42/42 MP: 10/19
  6406 | D:4      | Learned a level 3 spell: Mephitic Cloud
  6858 | D:5      | Entered Level 5 of the Dungeon
  6891 | D:5      | Noticed Menkaure
  6895 | D:5      | Killed Menkaure
  7308 | D:5      | Reached skill level 5 in Fighting
  7986 | D:5      | Found an iron altar of Okawaru.
  8023 | D:5      | Found a glowing golden altar of the Shining One.
  8623 | D:6      | Reached XP level 9. HP: 23/47 MP: 8/22
  9161 | D:6      | Learned a level 4 spell: Flame Wave
  9379 | D:6      | Found a staircase to the Ecumenical Temple.
  9439 | Temple   | Entered the Ecumenical Temple
  9626 | Temple   | Became a worshipper of Nemelex Xobeh the Trickster
 10030 | D:7      | Identified the +1 robe of Ufeqapt {Drain Dex+5}
 10047 | D:7      | Found an opulent altar of Gozag.
 10096 | D:7      | Reached skill level 1 in Conjurations
 10199 | D:7      | Reached skill level 1 in Invocations
 10382 | D:7      | Reached * piety under Nemelex Xobeh
 10382 | D:7      | Received a gift from Nemelex Xobeh
 10461 | D:7      | Found a sand-covered staircase.
 10490 | Ossuary  | Entered an ossuary
 10587 | Ossuary  | Reached skill level 2 in Fire Magic
 11317 | D:7      | Noticed a +0 dagger
 11317 | D:7      | Noticed a +0 falchion
 11326 | D:7      | Noticed a +0 spear
 11327 | D:7      | Noticed a +0 falchion
 11328 | D:7      | Noticed a +0 short sword
 11328 | D:7      | Noticed a +0 short sword
 11328 | D:7      | Noticed a +0 dagger
 11329 | D:7      | Noticed a +0 spear
 11387 | D:7      | Found a hide-covered altar of Uskayaw.
 11416 | D:7      | Found a blossoming altar of Fedhas.
 11427 | D:7      | Found a stormy altar of Qazlal.
 11815 | D:7      | Reached skill level 2 in Conjurations
 11815 | D:7      | Reached skill level 2 in Invocations
 11827 | D:7      | HP: 5/49 [human (10)]
 12331 | D:8      | Learned a level 5 spell: Manifold Assault
 12400 | D:8      | Reached skill level 1 in Translocations
 12493 | D:8      | Noticed an ice devil
 12494 | D:8      | Noticed an ice devil
 12496 | D:8      | Noticed an ice devil
 12498 | D:8      | Noticed an ice devil
 12500 | D:8      | Noticed an ice statue
 12501 | D:8      | Noticed an ice devil
 12502 | D:8      | Noticed an ice devil
 12705 | D:8      | Killed an ice devil
 12706 | D:8      | Reached skill level 2 in Translocations
 12731 | D:8      | Killed an ice devil
 12732 | D:8      | Reached skill level 3 in Translocations
 12732 | D:8      | Reached XP level 10. HP: 53/53 MP: 2/23
 12752 | D:8      | Reached skill level 4 in Translocations
 12753 | D:8      | Reached skill level 5 in Translocations
 12874 | D:8      | Reached skill level 6 in Translocations
 13026 | D:8      | Reached ** piety under Nemelex Xobeh
 13031 | D:8      | Found Wacidghogh's Armour Boutique.
 13290 | D:8      | Found a large runed translucent door.
 13317 | D:8      | Found a large runed translucent door.
 13318 | D:8      | Noticed Grum
 13339 | D:8      | Killed Grum
 13602 | D:8      | Reached skill level 7 in Translocations
 13699 | D:8      | Found Fuges's General Store.
 13954 | D:8      | Found Seycinao's Magic Scroll Shop.
 14263 | D:8      | Reached skill level 8 in Translocations
 14301 | D:8      | Found a shadowy altar of Dithmenos.
 14304 | D:8      | Found a basalt altar of Yredelemnul.
 15019 | D:9      | Received a gift from Nemelex Xobeh
 15093 | D:9      | Reached skill level 9 in Translocations
 15240 | D:9      | Found an ancient bone altar of Kikubaaqudgha.
 15379 | D:10     | Entered Level 10 of the Dungeon
 15505 | D:10     | Reached *** piety under Nemelex Xobeh
 15505 | D:10     | Noticed a boulder beetle
 15561 | D:10     | Killed a boulder beetle
 15562 | D:10     | Reached XP level 11. HP: 40/60 MP: 1/24
 15870 | D:10     | Reached skill level 10 in Translocations
 16237 | D:10     | HP: 9/62 [wraith (12)]
 16845 | D:10     | Received a gift from Nemelex Xobeh
 16875 | D:10     | Found a white marble altar of Elyvilon.
 17206 | D:10     | HP: 4/62 [vampire mosquito (8)]
 17206 | D:10     | Mangled by a vampire mosquito

Illustrated notes

Levels and vault maps discovered:
D:1:      amcnicky_arrival_abandoned_market, layout_loops_cross
D:2:      layout_basic, minivault_27, minmay_tromino_i2, uniq_robin
D:3:      layout_loops_ring, hellmonk_ecumenical_altar_blasted, minmay_circle_x
D:4:      layout_rooms, gammafunk_ghost_grave, kennysheep_another_room,
          uniq_crazy_yiuf_cottage, uniq_pikel, uniq_edmund
D:5:      minmay_angry_zag, layout_loops_ring, mainiacjoe_overflow_catwalk,
          lemuel_round_altar, chequers_avenue, lightli_minifort, uniq_menkaure
D:6:      layout_basic, temple_pool_b
D:7:      layout_gridville, grunt_temple_overflow_forces_of_nature,
          nicolae_uskayaw_en_pointe, grunt_gozag_statues, enter_ossuary_1,
          minmay_ruffians
D:8:      cheibrodos_frozen_isle, layout_loops_ring, jmf_multi_god_temple2,
          serial_shops, kennysheep_mini_moat, shop_fountains,
          nicolae_shop_hallway_plus, uniq_grum
D:9:      layout_roguey, nicolae_kikubaaqudgha_miasma_corner
D:10:     layout_gridville, nicolae_elyvilon_temple_path,
          ploomutoo_gammafunk_ghost_potion_laboratory
Temple:   nicolae_temple_x_marks_the_god

Skill      XL: |  1  2  3  4  5  6  7  8  9 10 11 |
---------------+----------------------------------+-----
Spellcasting   | 3 4 6 7 8 |  8.9
Fighting       | 1 2 3 4 5 6 8 9 |  9.1
Fire Magic     | 1 2 |  2.8
Poison Magic   | 4 5 6 7 |  7.7
Conjurations   | 2 |  2.3
Invocations    | 2 |  2.6
Translocations | 3 9 10 | 10.5
Dodging        | |  2.6
Stealth        | |  3.0
Transmutations | |  1.3

Action                   |  1- 3 |  4- 6 |  7- 9 | 10-12 || total
-------------------------+-------+-------+-------+-------++-------
Melee: Unarmed           |     3 |       |       |       ||     3
       Staff             |     8 |    10 |   249 |    17 ||   284
       Dagger            |       |    32 |    65 |       ||    97
       Hand axe          |       |       |       |    20 ||    20
       Spear             |       |       |       |     1 ||     1
       Quarterstaff      |       |       |       |    18 ||    18
 Cast: Sting             |    53 |    64 |    37 |    18 ||   172
       Poisonous Vapours |    10 |    57 |    66 |    16 ||   149
       Scorch            |     1 |     1 |   125 |    80 ||   207
       Olgreb's Toxic Ra |       |     3 |    11 |    11 ||    25
       Mephitic Cloud    |       |       |     2 |     1 ||     3
       Flame Wave        |       |       |     1 |     1 ||     2
       Manifold Assault  |       |       |       |    12 ||    12
Invok: Draw Destruction  |       |       |     2 |       ||     2
Evoke: Wand              |       |       |    12 |    12 ||    24
  Use: Scroll            |       |     5 |     9 |     1 ||    15
 Stab: Sleeping          |       |     1 |     1 |       ||     2
       Confused          |       |       |       |     1 ||     1
Armor: Robe              |       |    10 |    45 |    19 ||    74
Dodge: Dodged            |    24 |    49 |   278 |   106 ||   457

Table legend: (Time is in decaauts)
 A = Elapsed time spent in this place.
 B = Non-inter-level travel time spent in this place.
 C = Inter-level travel time spent in this place.
 D = Time resting spent in this place.
 E = Time spent auto-exploring this place.
 F = Levels seen in this place.
 G = Mean time per level.
                   A        B        C        D        E       F      G
               +--------+--------+--------+--------+--------+-----+--------+
         Total |  14180 |  13856 |    324 |   3704 |   7723 |  12 | 1181.7 |
       Dungeon |  13356 |  13044 |    312 |   3704 |   7270 |  10 | 1335.6 |
        Temple |    167 |    155 |     12 |      0 |    150 |   1 |  167.0 |
       Ossuary |    656 |    656 |      0 |      0 |    302 |   1 |  656.0 |
               +--------+--------+--------+--------+--------+-----+--------+

Top non-repeatable levels by time:
     D:3: 1717 daAuts
     D:8: 1663 daAuts
     D:2: 1618 daAuts
     D:9: 1313 daAuts
     D:5: 1297 daAuts
     D:7: 1268 daAuts
     D:4: 1197 daAuts
     D:1: 1127 daAuts
    D:10: 1083 daAuts
     D:6: 1069 daAuts
 Ossuary: 656 daAuts
  Temple: 167 daAuts
